 Dungeon Crawl Stone Soup version 0.26.1-2-gb8aa6d0cf2 (webtiles) character file.

Game seed: 697832086071760158

18209 jlumianski the Cleaver (level 12, -23/148 HPs)
             Began as a Palentonga Fighter on Mar 9, 2021.
             Was a High Priest of Okawaru.
             Killed from afar by a crystal guardian (40 damage)
             ... with a crystal bolt
             ... on level 14 of the Dungeon.
             The game lasted 00:57:45 (12532 turns).

jlumianski the Cleaver (Palentonga Fighter)        Turns: 12532, Time: 00:57:49

Health: -23/148    AC: 33    Str: 24    XL:     12   Next: 25%
Magic:  8/13       EV:  3    Int: 12    God:    Okawaru [*****.]
Gold:   326        SH: 13    Dex:  8    Spells: 11/11 levels left

rFire    . . .     SeeInvis +   T - +3 broad axe (elec)
rCold    + . .     Faith    .   M - +2 kite shield {AC+3}
rNeg     . . .     Spirit   .   D - +0 plate armour
rPois    +         Reflect  .   g - +2 helmet {Int+3}
rElec    .         Harm     .   B - +0 cloak
rCorr    .         Rampage  .   P - +1 pair of gloves
Will     .....                  j - +0 barding {Fly}
Stlth    ..........             w - amulet of regeneration
HPRegen  0.00/turn              q - ring of poison resistance
MPRegen  0.13/turn              L - ring of flight

@: berserking, flying, curled up, very quick
A: large, hooves 2, rugged brown scales 3, see invisible, clumsy 1, cold
resistance 1, deformed body, frail 1, inhibited regeneration, roll 1, armoured
tail, reflexive curl
a: Rolling Charge, Renounce Religion, Heroism, Finesse


You were on level 14 of the Dungeon.
You worshipped Okawaru.
Okawaru was extremely pleased with you.
You visited 2 branches of the dungeon, and saw 15 of its levels.
You also visited: Ossuary.

You collected 831 gold pieces.
You spent 505 gold pieces at shops.

Inventory:

Hand Weapons
 Q - a +2 whip of electrocution
 T - a +3 broad axe of electrocution (weapon)
Missiles
 m - 15 boomerangs (quivered)
 o - 3 javelins
 G - 37 poisoned darts
Armour
 g - a +2 helmet of intelligence (worn)
 j - a +0 barding of flying (worn)
 B - a +0 cloak (worn)
 D - a +0 plate armour (worn)
 M - a +2 kite shield of protection (worn)
 P - a +1 pair of gloves (worn)
Jewellery
 b - an uncursed ring of protection from cold
 q - a ring of poison resistance (left hand)
 w - an amulet of regeneration (around neck)
 L - a ring of flight (right hand)
 R - an uncursed ring of ice
Wands
 a - a wand of iceblast (5)
 h - a wand of polymorph (19)
 n - a wand of paralysis (13)
 t - a wand of enslavement (9)
 y - a wand of disintegration (6)
 K - a wand of flame (62)
Scrolls
 i - 8 scrolls of identify
 k - 4 scrolls of remove curse
 r - 6 scrolls of teleportation
 z - 3 scrolls of fear
 E - 2 scrolls of immolation
 I - a scroll of magic mapping
 J - a scroll of random uselessness
Potions
 c - a potion of resistance
 d - 2 potions of might
 f - 5 potions of curing
 l - a potion of heal wounds
 p - 3 potions of brilliance
 s - a potion of magic {unknown}
 u - a potion of attraction
 v - a potion of flight
 S - 2 potions of haste


   Skills:
 + Level 8.8 Fighting
 + Level 13.3 Axes
 + Level 7.0 Armour
 + Level 2.9 Dodging
 + Level 0.6 Stealth
 + Level 8.3 Shields
 + Level 1.5 Invocations
 + Level 0.1 Evocations


You had 11 spell levels left.
You didn't know any spells.
Your spell library contained the following spells:

 Spells                   Type           Power        Failure   Level
 Magic Dart               Conj           0%           99%         1
 Sting                    Tmut/Pois      0%           99%         1
 Blink                    Tloc           N/A          100%        2
 Call Imp                 Summ           0%           100%        2
 Poisonous Vapours        Pois/Air       0%           100%        2
 Slow                     Hex            0%           100%        2
 Conjure Flame            Conj/Fire      0%           100%        3
 Ignite Poison            Fire/Tmut/Pois 0%           100%        3
 Mephitic Cloud           Conj/Pois/Air  0%           100%        3
 Olgreb's Toxic Radiance  Pois           0%           100%        4


Dungeon Overview and Level Annotations

Branches:
Dungeon (14/15)            Temple (1/1) D:6            Lair (0/6) D:9
    Orc (0/2) D:9         Ossuary (visited)
 Vaults: D:13-14

Altars:
Ashenzari
Cheibriados
Dithmenos
Elyvilon
Fedhas
Gozag
Hepliaklqana
Kikubaaqudgha
Nemelex Xobeh
Okawaru
Qazlal
Ru
Sif Muna
Trog
Uskayaw
Vehumet
Wu Jian
Xom
Yredelemnul
Zin
The Shining One

Shops:
D:4 [*=(   D:7 =(   D:10 :==*(

Annotations:
D:5 3 runed translucent doors, axecop's ghost, weakling NaDe


Innate Abilities, Weirdness & Mutations

You are completely covered in rugged brown scales. (AC +3, +7% HP)
You have supernaturally acute eyesight. (SInv)
Armour fits poorly on your strangely shaped body.
You can roll at nearby foes to attack.
You have a long armoured tail.
You curl defensively after being hit.
You have hoof-like feet.
You are clumsy. (Dex -2)
Your flesh is cold resistant. (rC+)
You are frail. (-10% HP)
You do not regenerate when monsters are visible.


Message History

You slash the green ugly thing!
The green ugly thing trunk-slaps you but does no damage.
You slash the crystal guardian! You kick the crystal guardian!
You tail-slap the crystal guardian, but do no damage.
The crystal guardian is heavily damaged.
You slash the green ugly thing! The crystal guardian barely misses you.
The green ugly thing trunk-slaps you but does no damage.
You slash the crystal guardian!
The crystal guardian is severely damaged.
You barely miss the green ugly thing.
The crystal guardian hits you but does no damage.
The green ugly thing trunk-slaps you!
* * * LOW HITPOINT WARNING * * *
You slash the crystal guardian! You kick the crystal guardian.
The crystal guardian is almost destroyed.
You slice the green ugly thing!!
You rip and tear the barbed spikes from your body.
The crystal guardian fires a crystalline bolt at you.
The crystal bolt burns you!!!
You die...

#### ####### ##########
......##########.......>.
#####.#........'@8.......
#.'........#u........
#.#........#.........
#####.#........#.........
......#....##..#.........
#######....##..###+#.....
#.............#.####
#.....^.>.....#.#
#.............#


You could see a green ugly thing and a crystal guardian.

Vanquished Creatures
  A boulder beetle (D:10)
  3 two-headed ogres
  5 skeletal warriors
  An unseen horror (D:12)
  2 ugly things
  3 manticores (D:11)
  2 gargoyles
  3 trolls
  Grinder (D:3)
  Sigmund (D:6)
  2 wyverns
  A wraith (D:11)
  9 yaks
  6 vampire mosquitoes
  Menkaure (D:5)
  A water moccasin (D:11)
  Duvessa (D:4)
  6 orc warriors
  2 phantoms
  6 sky beasts
  7 ogres
  3 centaurs
  2 big kobolds
  5 bullfrogs
  Blork the orc (D:5)
  3 gnoll sergeants
  Dowan (D:4)
  6 scorpions
  4 killer bees (D:8)
  9 wights
  2 howler monkeys
  A centaur zombie (D:11)
  2 bullfrog zombies
  Crazy Yiuf (D:5)
  A gnoll shaman (D:6)
  A centaur skeleton (D:4)
  8 hounds
  3 jellies
  10 orc priests
  16 orc wizards
  3 bullfrog skeletons
  Jessica (D:2)
  Ijyb (D:5)
  3 iguanas
  7 worker ants
  9 mummies
  4 worker ant zombies
  11 adders
  20 gnolls
  A howler monkey skeleton (D:4)
  4 shadow imps
  3 white imps
  An ufetubus (D:9)
  An ooze (D:2)
  An adder zombie (D:6)
  An adder skeleton (D:5)
  2 worms
  A dart slug (D:2)
  5 leopard geckos
  48 orcs
  6 giant cockroaches
  A gnoll zombie (Ossuary)
  11 goblins
  6 hobgoblins
  14 jackals
  2 quokkas
  2 ball pythons
  10 bats
  6 frilled lizards
  A giant cockroach zombie (D:6)
  2 hobgoblin zombies (Ossuary)
  A jackal zombie (D:7)
  16 kobolds
  A kobold zombie (Ossuary)
  2 leopard gecko skeletons
  4 orc zombies (Ossuary)
  A quokka skeleton (D:5)
  A quokka zombie (D:6)
  10 rats
367 creatures vanquished.

Notes
Turn   | Place    | Note
-------+----------+-------------------------------------------
     0 | D:1      | jlumianski the Palentonga Fighter began the quest for the
                  | Orb.
     0 | D:1      | Reached XP level 1. HP: 20/20 MP: 1/1
   167 | D:2      | Reached XP level 2. HP: 22/27 MP: 2/2
   613 | D:2      | Found an ornate altar of the Wu Jian Council.
   715 | D:2      | Reached XP level 3. HP: 33/33 MP: 3/3
   845 | D:2      | Found a hide-covered altar of Uskayaw.
   875 | D:2      | Noticed Jessica
   879 | D:2      | Killed Jessica
   880 | D:2      | Reached skill level 3 in Axes
   880 | D:2      | Reached XP level 4. HP: 40/40 MP: 4/4
  1042 | D:2      | Found a basalt altar of Yredelemnul.
  1119 | D:2      | Noticed a water elemental
  1120 | D:2      | Found a stormy altar of Qazlal.
  1127 | D:2      | Noticed an air elemental
  1180 | D:2      | Noticed an earth elemental
  1186 | D:2      | Noticed a fire elemental
  1206 | D:3      | Noticed Grinder
  1546 | D:2      | Reached XP level 5. HP: 45/48 MP: 5/5
  1564 | D:3      | Paralysed by Grinder for 7 turns
  1686 | D:3      | Killed Grinder
  1687 | D:3      | Reached skill level 4 in Axes
  1687 | D:3      | Reached skill level 1 in Dodging
  1687 | D:3      | Reached XP level 6. HP: 55/55 MP: 6/6
  2357 | D:4      | Found Qunirghua's Assorted Antiques.
  2357 | D:4      | Noticed Duvessa
  2357 | D:4      | Noticed Dowan
  2394 | D:3      | Reached skill level 5 in Axes
  2394 | D:3      | Gained mutation: You curl defensively after being hit.
                  | [Palentonga growth]
  2394 | D:3      | Reached XP level 7. HP: 23/62 MP: 7/7
  2913 | D:4      | Killed Duvessa
  2927 | D:4      | Killed Dowan
  3222 | D:3      | Found a hazy altar of Hepliaklqana.
  3598 | D:5      | Entered Level 5 of the Dungeon
  3690 | D:5      | Found a sand-covered staircase.
  3713 | Ossuary  | Entered an ossuary
  4271 | D:4      | Reached skill level 6 in Axes
  4284 | D:4      | Found Gositur's Antique Weapon Shop.
  4334 | D:4      | Found Kiownedi's Jewellery Boutique.
  4380 | D:4      | Reached XP level 8. HP: 66/71 MP: 8/8
  4384 | D:4      | Bought an uncursed amulet of regeneration for 330 gold
                  | pieces
  4775 | D:4      | Found Ytsep's Armour Shop.
  4857 | D:4      | Found a blossoming altar of Fedhas.
  5371 | D:5      | Found a runed translucent door.
  5372 | D:5      | Noticed Crazy Yiuf
  5380 | D:5      | Killed Crazy Yiuf
  5442 | D:5      | Found a runed translucent gate.
  5442 | D:5      | Found a runed translucent gate.
  5443 | D:5      | Found a runed translucent gate.
  5617 | D:5      | Noticed Menkaure
  5620 | D:5      | Killed Menkaure
  5621 | D:5      | Reached skill level 7 in Axes
  5909 | D:5      | Noticed axecop's ghost (weakling NaDe)
  5994 | D:5      | Noticed Ijyb
  6005 | D:5      | Killed Ijyb
  6006 | D:5      | Reached skill level 5 in Fighting
  6357 | D:6      | Noticed Sigmund
  6362 | D:6      | Noticed Blork the orc
  6367 | D:6      | Killed Sigmund
  6523 | D:5      | Reached skill level 8 in Axes
  6523 | D:5      | Reached XP level 9. HP: 79/79 MP: 9/9
  6568 | D:5      | Killed Blork the orc
  6622 | D:5      | Reached skill level 5 in Shields
  6708 | D:6      | Found a staircase to the Ecumenical Temple.
  6743 | Temple   | Entered the Ecumenical Temple
  6764 | Temple   | Became a worshipper of Warmaster Okawaru
  6921 | D:6      | Found a shimmering altar of Xom.
  7292 | D:7      | Found an iron altar of Okawaru.
  7531 | D:7      | Found Tuzemunocw's Jewellery Shoppe.
  7614 | D:7      | Reached skill level 5 in Armour
  7722 | D:7      | Found Pubb's Weapon Shop.
  7863 | D:7      | Reached skill level 9 in Axes
  8176 | D:8      | Reached * piety under Okawaru
  8523 | D:8      | Found a glowing silver altar of Zin.
  8677 | D:9      | Noticed a brown ugly thing
  8700 | D:8      | Killed a brown ugly thing
  8700 | D:8      | Reached ** piety under Okawaru
  8701 | D:8      | Reached XP level 10. HP: 42/89 MP: 10/10
  8946 | D:8      | You fall into a shaft and drop 2 floors!
  8946 | D:10     | Entered Level 10 of the Dungeon
  8946 | D:10     | Found Amociw's Antique Weapon Boutique.
  8963 | D:10     | Bought a runed broad axe for 175 gold pieces
  8998 | D:10     | Reached skill level 10 in Axes
  9047 | D:10     | Noticed a boulder beetle
  9077 | D:10     | Killed a boulder beetle
  9077 | D:10     | Reached *** piety under Okawaru
  9145 | D:10     | Found Hisides's Book Shoppe.
  9599 | D:8      | Found a white marble altar of Elyvilon.
  9737 | D:9      | Found a staircase to the Lair.
  9762 | D:9      | Found a staircase to the Orcish Mines.
  9826 | D:9      | Gained mutation: You do not regenerate when monsters are
                  | visible. [potion of mutation]
  9826 | D:9      | Gained mutation: You are clumsy. (Dex -2) [potion of
                  | mutation]
  9826 | D:9      | Gained mutation: You are very clumsy. (Dex -4) [potion of
                  | mutation]
  9826 | D:9      | Gained mutation: You have a pair of small horns on your
                  | head. [potion of mutation]
  9827 | D:9      | Lost mutation: You are very clumsy. (Dex -4) [potion of
                  | mutation]
  9827 | D:9      | Lost mutation: You have a pair of small horns on your head.
                  | [potion of mutation]
  9827 | D:9      | Gained mutation: You are frail. (-10% HP) [potion of
                  | mutation]
  9827 | D:9      | Gained mutation: You have large cloven feet. [potion of
                  | mutation]
  9827 | D:9      | Gained mutation: Your flesh is cold resistant. (rC+)
                  | [potion of mutation]
  9827 | D:9      | Gained mutation: You have hoof-like feet. [potion of
                  | mutation]
  9970 | D:9      | Reached skill level 11 in Axes
 10082 | D:9      | Found a shadowy altar of Dithmenos.
 10346 | D:10     | Found Luntefu's General Store.
 10467 | D:10     | Reached **** piety under Okawaru
 10786 | D:10     | Reached XP level 11. HP: 80/89 MP: 11/11
 10803 | D:10     | Found Fururutwe's Jewellery Shop.
 10982 | D:10     | Found Watemak's Jewellery Emporium.
 11103 | D:11     | Reached ***** piety under Okawaru
 11335 | D:11     | Noticed a skeletal warrior
 11380 | D:11     | Killed a skeletal warrior
 11381 | D:11     | Reached skill level 12 in Axes
 11452 | D:11     | Found a shadowy altar of Dithmenos.
 11679 | D:11     | Noticed a skeletal warrior
 11679 | D:11     | Noticed a skeletal warrior
 11680 | D:11     | Noticed a two-headed ogre
 11680 | D:11     | Noticed a skeletal warrior
 11680 | D:11     | Noticed a skeletal warrior
 11720 | D:10     | Noticed a two-headed ogre
 11732 | D:10     | Killed a skeletal warrior
 11732 | D:10     | Killed a two-headed ogre
 11732 | D:10     | Received a gift from Okawaru
 11822 | D:10     | Killed a skeletal warrior
 11823 | D:10     | Reached skill level 1 in Invocations
 11833 | D:11     | Killed a two-headed ogre
 11906 | D:9      | Killed a skeletal warrior
 11995 | D:10     | Killed a skeletal warrior
 11996 | D:10     | Reached XP level 12. HP: 99/99 MP: 11/13
 12172 | D:12     | Noticed a two-headed ogre
 12181 | D:12     | Reached skill level 13 in Axes
 12185 | D:12     | Killed a two-headed ogre
 12524 | D:13     | Noticed a crystal guardian
 12532 | D:14     | Killed from afar by a crystal guardian

Illustrated notes

Levels and vault maps discovered:
D:1:      lemuel_arrival_muddy, layout_basic
D:2:      minmay_chambers_of_twos, layout_basic, marbit_many_paths,
          nicolae_qazlal_style_of_elements, nzn_wu_jian_council_hall,
          yredelemnul_altar_generic, uniq_jessica
D:3:      layout_rooms, nzn_hepliaklqana_mist_gate, st_stairs_1,
          hangedman_decor_diamond_cutter, uniq_grinder
D:4:      layout_basic, fedhas_altar_2, serial_co_window_serial,
          co_window_corner_a, co_window_paths_a, co_window_corner_a,
          co_window_paths_b, co_window_paths_a, co_window_broadway_c,
          co_window_of_opportunity_b, co_window_of_opportunity_c,
          co_window_corner_b, co_window_sun, co_window_4corner_a,
          glass_columns_b, glass_columns_b, glass_columns_a, glass_columns_b,
          glass_columns_a, serial_shops, nicolae_shop_behind_doors, shop,
          kennysheep_mini, shop, nrook_loot_triangle, uniq_duvessa
D:5:      layout_basic, gup_ossuary_entry_pyramid, gammafunk_ghost_icy,
          uniq_menkaure, uniq_crazy_yiuf_cottage, uniq_ijyb
D:6:      layout_cave_pools, minmay_temple_entry_trees, tgw_xom,
          uniq_blork_the_orc, uniq_sigmund
D:7:      layout_cave_pools, serial_gnoll_camp, gnoll_camp_mini_doghouse,
          gnoll_camp_mini_hut, gnoll_camp_mini_shop, gnoll_camp_mini_sergeant,
          basic_altar, serial_shops, shop, hangedman_decor_peaks_small
D:8:      layout_basic, overflow_temple_1_default, lemuel_coloured_pillars_altar
D:9:      layout_irregular_city, kennysheep_mini_moat, lair_entry_dummy,
          david_orc_2
D:10:     layout_roguey, serial_shops, shop, shop,
          nicolae_shop_competitors_out_of_business, nicolae_shop_trees, shop
D:11:     layout_roguey, basic_altar, hangedman_decor_clover_reticule
D:12:     layout_rooms, nrook_guardian_serpent_double, uniq_nergalle
D:13:     layout_roguey, hangedman_vaults_entry_quadrant_bands, nzn_random_ring,
          uniq_rupert
D:14:     layout_stronghold, basic_altar
Temple:   cyrus_circular_temple

Skill      XL: |  1  2  3  4  5  6  7  8  9 10 11 12 |
---------------+-------------------------------------+-----
Axes           | 3 4 5 6 8 9 11 12 13 | 13.3
Shields        | 3 4 6 7 8 |  8.3
Armour         | 3 4 5 6 7 |  7.0
Dodging        | 1 2 |  2.9
Fighting       | 4 5 6 7 8 |  8.8
Invocations    | 1 |  1.5
Stealth        | |  0.6
Evocations     | |  0.1

Action                   |  1- 3 |  4- 6 |  7- 9 | 10-12 || total
-------------------------+-------+-------+-------+-------++-------
Melee: War axe           |    84 |   130 |   480 |    53 ||   747
       Tailslap          |     5 |    13 |    61 |    32 ||   111
       Broad axe         |       |       |       |   349 ||   349
       Kick              |       |       |       |    66 ||    66
Throw: Stone             |       |       |     3 |       ||     3
Invok: Heroism           |       |       |     1 |     2 ||     3
       Finesse           |       |       |       |     1 ||     1
 Abil: Rolling Charge    |    11 |    18 |    45 |    36 ||   110
Evoke: Wand              |       |       |       |     1 ||     1
  Use: Potion            |       |       |     7 |    10 ||    17
       Scroll            |       |       |    10 |    10 ||    20
Armor: Scale mail        |    50 |    79 |    38 |       ||   167
       Chain mail        |       |       |    45 |       ||    45
       Plate armour      |       |       |   158 |   247 ||   405
Dodge: Dodged            |    16 |    46 |    77 |    63 ||   202
Block: Kite shield       |    49 |    87 |   306 |   296 ||   738
